 Dungeon Crawl Stone Soup version 0.30-a0-57-g8b159a9891 (webtiles) character file.

Game seed: 16706906883399040932

17 Malachi the Shooter (level 2, -2/22 HPs)
             Began as a Demonspawn Hunter on Sept 12, 2022.
             Slain by an adder (4 damage)
             ... on level 2 of the Dungeon.
             The game lasted 00:00:44 (433 turns).

Malachi the Shooter (Demonspawn Hunter)              Turns: 433, Time: 00:00:44

Health: -2/22      AC:  3    Str: 11    XL:     2   Next: 44%
Magic:  2/2        EV: 12    Int: 10    God:
Gold:   36         SH:  0    Dex: 22    Spells: 1/1 levels left

rFire   . . .      SeeInvis .    a - +0 shortbow (vorpal)
rCold   . . .      Faith    .    (shield currently unavailable)
rNeg    . . .      Spirit   .    c - +0 leather armour
rPois   .          Reflect  .    (helmet restricted)
rElec   .          Harm     .    (no cloak)
rCorr   .          Rampage  .    (no gloves)
Will    .....                    (no boots)
Stlth   ++........               (no amulet)
HPRegen 0.07/turn                g - +6 ring of dexterity
MPRegen 0.08/turn                (no ring)

@: no status effects
A: antennae 1
a: no special abilities


You were on level 2 of the Dungeon.
You visited 1 branch of the dungeon, and saw 2 of its levels.

You collected 36 gold pieces.

Inventory:

Hand Weapons
 a - a +0 vorpal shortbow (weapon)
Armour
 c - a +0 leather armour (worn)
Jewellery
 g - a +6 ring of dexterity (left hand)
Scrolls
 b - a scroll of immolation
 f - a scroll of magic mapping {unknown}
 h - a scroll of identify {unknown}


   Skills:
 - Level 2.0 Fighting
 + Level 4.3 Ranged Weapons
 - Level 1.7 Dodging
 - Level 0.8 Stealth


You had one spell level left.
You didn't know any spells.
Your spell library was empty.

Dungeon Overview and Level Annotations

Branches:
Dungeon (1/15)

Altars:


Innate Abilities, Weirdness & Mutations

You have a pair of small antennae on your head.


Message History

A gnoll comes into view. It is wielding a +0 halberd.
You shoot an arrow. The arrow hits the adder.
The adder is severely wounded.
You shoot an arrow. The arrow barely misses the adder.
The adder closely misses you. The adder bites you but does no damage.
You shoot an arrow. The arrow closely misses the adder.
The adder bites you.
You are poisoned.
The adder poisons you! The gnoll barely misses you.
A giant cockroach comes into view.
The adder bites you but does no damage.
You shoot an arrow. The arrow closely misses the adder.
You feel sick.
The gnoll hits you from afar with a +0 halberd!
The adder closely misses you. The gnoll barely misses you.
You are too injured to fight recklessly!
You are too injured to fight recklessly!
You are too injured to fight recklessly!
You feel sick. The adder bites you.
* * * LOW HITPOINT WARNING * * *
You feel sick.
As you read the scroll labelled UCLASTR GIER, it crumbles to dust.
It is a scroll of brand weapon.
Your +0 shortbow emits a brilliant flash of light!
a - a +0 vorpal shortbow (weapon)
You feel sick.
You are no longer poisoned.
The adder bites you.
* * * LOW HITPOINT WARNING * * *
The gnoll closely misses you.
You aren't carrying any potions.
You aren't carrying any potions.
The adder bites you.
* * * LOW HITPOINT WARNING * * *
Blink to where?
Press: ? - help, Dir - move target, p - adder
As you read the scroll labelled KUZIHESOKH, it crumbles to dust.
It was a scroll of blinking.
An adder comes into view.
The adder hisses angrily.
Found 9 gold pieces.
The adder closely misses you. The adder bites you.
You die...

# ## #.#. .#.
### .. ..# #.
#.# #
######.##.##.#
$.....S@.....#
.......##.##.#
....... #....#
.......
#.......#
.......
##.####.#
....... #.#
......# #.#
.....# #S#
##ยง##


You could see an adder.

Vanquished Creatures
  2 endoplasms (D:1)
  A giant cockroach (D:1)
  3 goblins (D:1)
  A hobgoblin (D:2)
  2 jackals (D:1)
  A kobold (D:1)
  3 ball pythons (D:1)
  A frilled lizard (D:1)
14 creatures vanquished.

Notes
Turn   | Place    | Note
-------+----------+-------------------------------------------
     0 | D:1      | Malachi the Demonspawn Hunter began the quest for the Orb.
     0 | D:1      | Reached XP level 1. HP: 16/16 MP: 1/1
    81 | D:1      | Reached skill level 4 in Ranged Weapons
   171 | D:1      | Discovered your monstrous ancestry.
   171 | D:1      | Gained mutation: You have a pair of small antennae on your
                  | head. [demonic ancestry]
   171 | D:1      | Reached XP level 2. HP: 22/22 MP: 2/2
   383 | D:1      | You fall into a shaft and drop 1 floor!
   433 | D:2      | Slain by an adder

Illustrated notes

Levels and vault maps discovered:
D:1:      minmay_arrival_nine_rooms, layout_basic,
          chequers_serial_rivers_micro_b
D:2:      minmay_general_purpose_star, layout_loops_cross,
          ebering_ecumenical_altar_hall, basic_altar

Skill      XL: |  1 |
---------------+----+-----
Ranged Weapons | 4 |  4.3
Fighting       | |  2.0
Dodging        | |  1.7
Stealth        | |  0.8

Action                   || total
-------------------------++-------
 Fire: Shortbow          ||    42
  Use: Scroll            ||     2
Armor: Leather armour    ||     3
Dodge: Dodged            ||    15

Table legend: (Time is in decaauts)
 A = Elapsed time spent in this place.
 B = Non-inter-level travel time spent in this place.
 C = Inter-level travel time spent in this place.
 D = Time resting spent in this place.
 E = Time spent auto-exploring this place.
 F = Levels seen in this place.
 G = Mean time per level.
                   A        B        C        D        E       F      G
               +--------+--------+--------+--------+--------+-----+--------+
         Total |    446 |    446 |      0 |      0 |    359 |   2 |  223.0 |
       Dungeon |    446 |    446 |      0 |      0 |    359 |   2 |  223.0 |
               +--------+--------+--------+--------+--------+-----+--------+

Top non-repeatable levels by time:
     D:1: 394 daAuts
     D:2: 51 daAuts
